Map: Jagannatha LE

Players

SortOf

  • Race: Zerg Zerg

GunGFuBanDa - Winner!

  • Race: Protoss Protoss

Event: DreamHack SC2 Masters 2021 Winter

VOD

Have the link to the VOD?

Description

Time

  • Played on: Oct. 9, 2021, 11:31 a.m.
  • Length: 16:23

All games in this series

Show
View Real Time Build Order
Export as new Build Order

SortOf Zerg 

Build Orders: Hatch First 

Get SALT Encoding   

  12  0:00  Drone  
  13  0:12  Overlord  
  13  0:17  Drone  
  14  0:31  Drone x2  
  16  0:46  Drone  
  17  0:52  Hatchery  
  17  0:56  Drone  
  17  0:58  Drone  
  18  1:12  Extractor  
  18  1:15  Spawning Pool  
  16  1:19  Drone  
  16  1:21  Drone  
  18  1:28  Drone  
  19  1:38  Drone  
  20  1:49  Overlord  
  20  2:02  Queen  
  20  2:04  Drone, Queen  
  20  2:05  Zergling x2  
  26  2:13  Zergling x2  
  26  2:14  Metabolic Boost  
  27  2:16  Drone  
  28  2:23  Drone  
  28  2:28  Drone  
  30  2:36  Drone x2  
  32  2:38  Queen  
  34  2:47  Hatchery  
  33  2:52  Overlord  
  33  2:54  Drone  
  33  2:57  Zergling x2  
  35  3:00  Drone  
  36  3:08  Overlord  
  36  3:09  Queen  
  39  3:12  Drone  
  39  3:13  Drone  
  39  3:16  Drone  
  39  3:18  Drone  
  42  3:21  Drone  
  42  3:24  Drone  
  42  3:26  Queen  
  46  3:30  Drone  
  47  3:38  Drone x2  
  47  3:39  Spore Crawler  
  48  3:46  Drone  
  48  3:47  Drone  
  50  3:51  Zergling x4, Overlord  
  50  3:52  Overlord  
  52  3:59  Queen  
  52  4:02  Roach Warren  
  53  4:03  Zergling x4  
  53  4:09  Drone  
  56  4:11  Zergling x8  
  60  4:18  Drone x3  
  60  4:20  Spore Crawler x2  
  61  4:29  Overlord  
  61  4:30  Overlord  
  61  4:35  Drone x3, Extractor  
  61  4:36  Overlord  
  63  4:41  Zergling x4  
  63  4:42  Roach  
  67  4:47  Roach  
  67  4:52  Roach  
  67  4:53  Roach  
  60  5:01  Roach x2  
  60  5:03  Drone  
  60  5:04  Drone  
  63  5:11  Drone x2  
  65  5:16  Drone x2  
  65  5:21  Roach x2  
  71  5:22  Overlord  
  71  5:25  Overlord  
  71  5:28  Drone  
  72  5:33  Drone x2  
  74  5:36  Lair  
  74  5:38  Overlord  
  74  5:42  Overlord  
  74  5:47  Overlord  
  74  5:48  Drone  
  75  5:52  Roach x2  
  75  5:54  Zergling x4  
  75  5:56  Drone x2  
  80  5:59  Drone x2  
  80  6:02  Drone x2  
  84  6:10  Drone x5  
  84  6:11  Drone  
  90  6:14  Overlord  
  90  6:15  Extractor  
  90  6:16  Drone  
  90  6:22  Overlord  
  89  6:27  Drone x4  
  89  6:30  Extractor x2  
  91  6:33  Drone, Evolution Chamber, Overlord  
  91  6:34  Baneling Nest  
  91  6:35  Drone  
  91  6:37  Overseer  
  91  6:38  Glial Reconstitution  
  91  6:42  Roach x2  
  91  6:43  Ravager  
  91  6:45  Drone x2  
  99  6:47  Drone  
  99  6:48  Drone, Extractor  
  99  6:49  Drone  
  99  6:51  Overseer  
  99  6:53  Roach  
  99  6:54  Roach  
  104  7:00  Drone x3  
  107  7:04  Drone  
  107  7:06  Zerg Missile Weapons Level 1  
  108  7:20  Overlord  
  105  7:24  Drone x3  
  105  7:25  Infestation Pit  
  105  7:26  Zergling x2, Roach x4  
  116  7:31  Hatchery  
  116  7:34  Overlord  
  116  7:36  Roach x4  
  123  7:38  Ravager  
  124  7:50  Drone x2  
  124  7:53  Centrifugal Hooks  
  124  7:55  Overlord  
  124  7:56  Roach x6  
  124  7:57  Drone  
  137  8:01  Zergling x4  
  139  8:06  Baneling x2  
  139  8:07  Baneling x4  
  139  8:12  Zergling x6  
  142  8:15  Ravager x2  
  142  8:18  Zergling x4  
  146  8:20  Ravager  
  146  8:21  Overlord  
  146  8:22  Zergling x6  
  150  8:33  Zergling x2  
  135  8:36  Roach x6  
  135  8:39  Ravager  
  135  8:40  Ravager  
  144  8:45  Zergling x6  
  145  8:52  Roach x4  
  145  8:54  Ravager x2  
  145  8:55  Baneling x2  
  151  8:58  Zergling x6  
  158  9:03  Roach x3  
  158  9:09  Roach  
  157  9:11  Baneling x7  
  150  9:19  Drone x10  
  155  9:30  Zergling x12  
  155  9:31  Zergling x2  
  154  9:36  Baneling x2  
  154  9:37  Baneling x2  
  154  9:40  Zergling x12  
  154  9:43  Hive  
  154  9:44  Zerg Melee Weapons Level 1  
  160  9:47  Spine Crawler  
  160  9:49  Spore Crawler  
  158  9:53  Baneling x13  
  158  9:55  Zergling x6  
  158  9:57  Extractor  
  158  9:59  Hatchery  
  158  10:12  Zergling x24  
  158  10:13  Zergling x2  
  164  10:17  Drone x3  
  167  10:23  Baneling x11  
  163  10:33  Roach x6  
  161  10:41  Roach x5  
  164  10:50  Ravager x5  
  164  10:51  Baneling x2  
  164  10:53  Drone x2  
  164  10:55  Zergling x20  
  181  10:58  Baneling x4  
  181  11:01  Overlord  
  181  11:03  Baneling  
  181  11:04  Baneling x5  
  181  11:06  Zergling x6  
  181  11:09  Baneling x4  
  185  11:11  Zergling x2  
  185  11:25  Adrenal Glands  
  178  11:29  Zergling x30  
  193  11:43  Baneling x9  
  193  11:48  Spire  
  193  11:51  Drone x2  
  193  11:52  Drone x4  
  187  11:59  Drone  
  178  12:05  Zerg Melee Weapons Level 2  
  177  12:08  Evolution Chamber  
  177  12:13  Zergling x20  
  186  12:24  Overlord  
  186  12:27  Zergling x14  
  186  12:28  Zergling x10  
  198  12:37  Zerg Ground Armor Level 1  
  198  12:50  Drone x2  
  200  12:52  Spine Crawler  
  177  13:16  Drone x10  
  180  13:23  Zergling x14  
  180  13:24  Zergling x10  
  173  13:28  Roach x4  
  173  13:33  Roach x6  
  190  13:36  Corruptor  
  190  13:37  Greater Spire  
  190  13:38  Roach x3  
  188  13:47  Roach x4  
  188  13:49  Baneling x19  
  188  13:53  Roach  
  188  13:54  Roach  
  191  14:00  Ravager x4, Roach  
  191  14:01  Zergling x2  
  189  14:09  Viper x2  
  180  14:11  Zergling x14  
  180  14:16  Extractor  
  185  14:31  Overlord  
  185  14:32  Drone x5  
  185  14:33  Drone  
  185  14:34  Overlord  
  185  14:35  Extractor  
  185  14:37  Baneling x9  
  188  14:41  Hatchery  
  181  15:06  Zergling x14  
  181  15:07  Zergling x22  
  197  15:11  Overseer  
  189  15:36  Zergling x22  
  168  15:50  Zergling x16  
  122  16:02  Zergling x12  
  101  16:05  Baneling x10  
Show
View Real Time Build Order
Export as new Build Order

GunGFuBanDa Protoss - Winner!

Build Orders: 1 Gate Expand, Mass Adepts 

Get SALT Encoding   

  12  0:00  Probe  
  13  0:12  Probe  
  14  0:17  Pylon  
  14  0:24  Probe (Chrono Boost)  
  15  0:36  Probe (Chrono Boost)  
  15  0:39  Gateway  
  16  0:44  Probe (Chrono Boost)  
  17  0:51  Assimilator, Probe  
  18  1:03  Probe  
  19  1:15  Probe  
  20  1:25  Nexus  
  20  1:38  Cybernetics Core  
  20  1:39  Probe (Chrono Boost)  
  21  1:43  Assimilator  
  21  1:50  Probe (Chrono Boost)  
  21  1:53  Pylon  
  22  1:54  Probe (Chrono Boost)  
  23  2:11  Adept (Chrono Boost), Probe  
  26  2:17  Twilight Council  
  26  2:19  Warp Gate  
  26  2:24  Probe  
  27  2:36  Probe  
  28  2:39  Stalker (Chrono Boost)  
  28  2:40  Probe  
  31  2:48  Probe  
  32  2:52  Probe  
  32  2:56  Robotics Facility  
  33  3:00  Probe  
  33  3:04  Probe (Chrono Boost)  
  35  3:06  Gateway  
  35  3:07  Resonating Glaives (Chrono Boost)  
  35  3:18  Probe x2 (Chrono Boost)  
  35  3:19  Adept  
  39  3:25  Probe (Chrono Boost)  
  40  3:28  Gateway  
  40  3:34  Gateway  
  40  3:39  Warp Prism (Chrono Boost)  
  40  3:46  Pylon  
  42  3:55  Probe x2  
  44  3:57  Pylon  
  44  4:07  Probe x2  
  46  4:10  Adept x2  
  46  4:12  Observer  
  51  4:18  Assimilator  
  51  4:19  Probe  
  51  4:20  Pylon  
  53  4:32  Adept x4  
  53  4:33  Probe  
  53  4:36  Robotics Bay  
  61  4:38  Probe  
  61  4:41  Assimilator  
  62  4:54  Adept x4  
  62  4:59  Probe  
  55  5:11  Probe x2  
  57  5:18  Adept x2  
  61  5:23  Probe  
  61  5:24  Disruptor (Chrono Boost)  
  65  5:33  Probe  
  65  5:34  Nexus  
  66  5:36  Pylon  
  66  5:45  Probe, Sentry  
  66  5:49  Gravitic Drive  
  69  5:51  Pylon  
  69  5:52  Disruptor (Chrono Boost)  
  69  5:53  Observer  
  69  5:54  Blink  
  72  6:03  Probe x2  
  74  6:08  Gateway, Forge  
  72  6:15  Probe x2  
  74  6:20  Shield Battery  
  74  6:25  Colossus  
  74  6:27  Probe (Chrono Boost)  
  81  6:33  Observer  
  81  6:35  Probe (Chrono Boost)  
  81  6:38  Protoss Ground Weapons Level 1 (Chrono Boost)  
  81  6:39  Probe (Chrono Boost)  
  83  6:40  Assimilator  
  83  6:43  Assimilator  
  83  6:44  Probe (Chrono Boost)  
  83  6:45  Probe (Chrono Boost)  
  85  6:47  Extended Thermal Lance  
  85  6:48  Probe (Chrono Boost)  
  85  6:49  Probe (Chrono Boost)  
  85  6:52  Gateway  
  85  6:54  Probe  
  87  6:59  Sentry  
  87  7:00  Stalker, Probe  
  87  7:01  Probe  
  94  7:06  Probe  
  95  7:12  Probe  
  95  7:13  Probe  
  95  7:15  Observer  
  97  7:18  Probe  
  97  7:21  Pylon  
  98  7:24  Pylon  
  98  7:25  Stalker  
  98  7:27  Pylon  
  98  7:28  Pylon  
  100  7:32  Gateway  
  100  7:34  Gateway  
  100  7:36  Colossus (Chrono Boost), Pylon  
  106  7:51  Stalker x5  
  106  7:52  Stalker  
  106  7:55  Photon Cannon  
  106  7:56  Probe x2  
  120  8:13  Pylon  
  120  8:19  Colossus (Chrono Boost)  
  120  8:26  Observer  
  126  8:27  Protoss Ground Weapons Level 2 (Chrono Boost)  
  126  8:28  Probe  
  125  8:39  Stalker x8  
  138  9:03  Stalker  
  138  9:04  Stalker x4  
  138  9:07  Immortal (Chrono Boost)  
  146  9:12  Stalker x3  
  142  9:25  Probe  
  142  9:30  Nexus  
  141  9:37  Sentry x3  
  141  9:38  Sentry  
  149  9:54  Charge, Pylon x2  
  149  10:08  Immortal (Chrono Boost)  
  149  10:11  Probe (Chrono Boost)  
  149  10:12  Probe (Chrono Boost)  
  147  10:18  Probe (Chrono Boost)  
  147  10:20  Stalker x2  
  152  10:23  Photon Cannon  
  152  10:24  Shield Battery  
  153  10:28  Probe (Chrono Boost)  
  153  10:29  Probe x2 (Chrono Boost)  
  153  10:35  Probe (Chrono Boost)  
  132  10:39  Stalker x5  
  142  10:49  Probe (Chrono Boost)  
  140  10:50  Probe (Chrono Boost)  
  140  10:54  Probe x2 (Chrono Boost)  
  141  10:58  Probe (Chrono Boost)  
  141  10:59  Immortal (Chrono Boost)  
  141  11:00  Probe (Chrono Boost)  
  141  11:04  Probe x2 (Chrono Boost)  
  148  11:05  Probe (Chrono Boost)  
  148  11:07  Protoss Ground Weapons Level 3 (Chrono Boost)  
  148  11:08  Probe  
  150  11:12  Probe  
  150  11:13  Probe  
  150  11:14  Stalker x3, Templar Archives  
  150  11:15  Stalker x2  
  162  11:26  Probe  
  162  11:29  Photon Cannon  
  162  11:30  Shield Battery  
  162  11:32  Photon Cannon  
  163  11:36  Probe  
  163  11:37  Immortal (Chrono Boost)  
  168  11:43  Sentry x3  
  168  11:44  Stalker, Sentry  
  176  11:55  Stalker x2  
  180  12:04  Pylon  
  173  12:13  Pylon  
  173  12:22  Probe x4  
  177  12:29  Immortal (Chrono Boost)  
  177  12:31  Pylon  
  177  12:32  Pylon  
  177  12:33  Assimilator x2  
  177  12:34  Pylon  
  181  12:42  Adept x3  
  187  12:48  Stargate  
  187  12:50  Robotics Facility  
  187  13:00  Zealot x3, High Templar x2  
  187  13:02  Photon Cannon  
  187  13:04  Photon Cannon  
  195  13:07  Archon  
  191  13:16  Probe  
  191  13:17  Stalker x2  
  191  13:19  Photon Cannon  
  192  13:22  Photon Cannon  
  183  13:28  Probe  
  183  13:30  Zealot x4  
  189  13:36  Probe  
  189  13:37  Zealot x2  
  189  13:39  Probe  
  192  13:42  Probe  
  192  13:45  Immortal  
  197  13:51  Probe  
  197  13:55  Gateway  
  198  14:09  Probe  
  193  14:18  Photon Cannon, Nexus  
  193  14:19  Photon Cannon  
  193  14:24  Fleet Beacon  
  193  14:26  Stargate  
  193  14:30  Pylon  
  193  14:31  Gravitic Boosters, Nexus  
  194  14:38  Observer (Chrono Boost)  
  194  14:44  Stargate  
  194  14:45  Photon Cannon, Dark Shrine  
  194  14:47  Photon Cannon  
  194  14:49  Pylon  
  194  14:51  Disruptor (Chrono Boost)  
  185  15:04  High Templar x6  
  185  15:05  Zealot x2  
  199  15:09  Archon x3, Shield Battery  
  199  15:11  Photon Cannon, Pylon  
  199  15:12  Photon Cannon  
  199  15:14  Observer  
  197  15:32  Photon Cannon  
  197  15:34  Photon Cannon, Shield Battery  
  197  15:35  Pylon  
  173  15:52  Zealot x9  

Tags
 
Add a new tag
Caveats
  • Supply blocks, unpowered buildings, or Contaminate may cause inaccurate times.
  • Supply counts are checked every 10 seconds.